[Event "ICC tourney 3070 (40 10)"]
[Site "Internet Chess Club"]
[Date "2022.12.03"]
[Round "1"]
[White "Doan Giang, Nguyen Doan:Doctorstrange04"]
[Black "HELMSEN, GAVIN:ghelmsen"]
[Result "1-0"]
[ICCResult "Black checkmated"]
[WhiteElo "1795"]
[BlackElo "1446"]
[Opening "Robatsch (modern) defense"]
[ECO "B06"]
[NIC "KF.06"]
[Time "11:01:16"]
[PlyCount "43"]
[TimeControl "2400+10"]

1. e4 g6 2. Nc3 Bg7 3. Bc4 d6 4. d3 Nf6 5. f4 a6 6. Nf3 b5 7. Bb3 c5 8. O-O
O-O 9. Qe1 Nbd7 10. Qh4 Bb7 11. f5 Ne5 12. Nxe5 dxe5 13. Bh6 Qd4+ 14. Kh1
Bxh6 15. Qxh6 Ng4 16. Qh4 Ne3 17. fxg6 hxg6 18. Rf3 Kg7 19. Qxe7 c4 20. Qf6+
Kg8 21. Rh3 Ng4 22. Qh8# {Black checkmated} 1-0

[Event "ICC tourney 3070 (40 10)"]
[Site "Internet Chess Club"]
[Date "2022.12.03"]
[Round "1"]
[White "Zilbermintz, Lev:chessrex"]
[Black "ZHAO, DANSON:K01-30127679"]
[Result "1-0"]
[ICCResult "Black checkmated"]
[WhiteElo "1705"]
[BlackElo "1444"]
[Opening "QGD: semi-Slav, Marshall gambit"]
[ECO "C01"]
[NIC "QP.08"]
[Time "11:02:06"]
[PlyCount "55"]
[TimeControl "2400+10"]

1. d4 d5 2. e4 e6 3. c4 c6 4. Nc3 Bd6 5. e5 Bc7 6. Nf3 Ne7 7. c5 b6 8. cxb6
Bxb6 9. Bd3 Nd7 10. O-O O-O 11. Bxh7+ Kxh7 12. Ng5+ Kg6 13. Qd3+ Nf5 14. g4
f6 15. Nxe6 Qe8 16. Qxf5+ Kf7 17. Nxf8 Qxf8 18. e6+ Kg8 19. exd7 Ba6 20. Re1
Bxd4 21. Qg6 Bc8 22. Re8 Bxd7 23. Rxf8+ Rxf8 24. Be3 Bb6 25. Bxb6 axb6 26.
Re1 d4 27. Re7 dxc3 28. Qxg7# {Black checkmated} 1-0

[Event "ICC tourney 3070 (40 10)"]
[Site "Internet Chess Club"]
[Date "2022.12.03"]
[Round "1"]
[White "YU, VINCENT ZHIWEN:vincentyu"]
[Black "Sarafudinov, Andrey:whyyoutrysohard"]
[Result "1-0"]
[ICCResult "Black resigns"]
[WhiteElo "1347"]
[BlackElo "1602"]
[Opening "Vienna: Paulsen-Mieses variation"]
[ECO "C26"]
[NIC "VG.01"]
[Time "11:00:53"]
[PlyCount "49"]
[TimeControl "2400+10"]

1. e4 e5 2. Nc3 Nf6 3. g3 d5 4. exd5 Nxd5 5. Bg2 Nxc3 6. bxc3 Bc5 7. d3 O-O
8. Nf3 Nc6 9. O-O Bg4 10. h3 Bh5 11. Qe1 Re8 12. Qe4 Qd7 13. Nh4 Be7 14. Rb1
Nd8 15. Qxe5 Bxh4 16. Qxh5 Bf6 17. d4 c6 18. a4 Ne6 19. h4 h6 20. Qf3 Nc7
21. Rxb7 Re6 22. Bf4 Bd8 23. Bh3 Qc8 24. Rfb1 Re1+ 25. Kg2 {Black resigns}
1-0

[Event "ICC tourney 3070 (40 10)"]
[Site "Internet Chess Club"]
[Date "2022.12.03"]
[Round "1"]
[White "BRUDNO, STEPHEN:StevChess01"]
[Black "SRIPADA, ANISHA:waterycargo"]
[Result "1-0"]
[ICCResult "Black resigns"]
[WhiteElo "1544"]
[BlackElo "1206"]
[Opening "QGD: Charousek (Petrosian) variation"]
[ECO "D31"]
[NIC "QP.08"]
[Time "11:01:12"]
[PlyCount "111"]
[TimeControl "2400+10"]

1. d4 d5 2. c4 e6 3. Nc3 Be7 4. cxd5 exd5 5. Bf4 Nf6 6. Qc2 Bd6 7. Bxd6 Qxd6
8. e3 b6 9. a3 Bb7 10. Nb5 Qd7 11. Nxc7+ Kf8 12. Nxa8 Bxa8 13. Nf3 Nc6 14.
Bd3 Ke7 15. O-O Rc8 16. Rac1 Bb7 17. Bf5 Nxd4 18. Bxd7 Rxc2 19. Rxc2 Nxc2
20. Bf5 Ne4 21. Rc1 g6 22. Bxe4 dxe4 23. Nd2 Nxa3 24. Rc7+ Kd6 25. Rxb7 Nb5
26. Rxf7 h5 27. Nxe4+ Ke6 28. Rg7 Kf5 29. Nc3 Nxc3 30. bxc3 a5 31. Rb7 a4
32. Rxb6 a3 33. Ra6 a2 34. Rxa2 Ke5 35. f3 Kd5 36. Ra4 Ke5 37. e4 Ke6 38.
Ra5 Ke7 39. Ra6 Kf7 40. e5 Kg7 41. f4 Kf7 42. h4 Kg7 43. e6 Kf6 44. c4 Ke7
45. c5 Kf6 46. c6 Kxe6 47. c7+ Kd7 48. Ra7 Kc8 49. g3 Kd7 50. Kf2 Kc8 51.
Ke3 Kd7 52. Ke4 Kc8 53. f5 gxf5+ 54. Kxf5 Kd7 55. g4 hxg4 56. Kxg4
{Black resigns}
1-0

[Event "ICC tourney 3070 (40 10)"]
[Site "Internet Chess Club"]
[Date "2022.12.03"]
[Round "1"]
[White "LIU, LUCAS:K03-16947300"]
[Black "MA, YUNHUI:K03-16857748"]
[Result "1-0"]
[ICCResult "Black resigns"]
[WhiteElo "1495"]
[BlackElo "1104"]
[Opening "Vienna game, Max Lange defense"]
[ECO "C25"]
[NIC "VG.04"]
[Time "11:00:54"]
[PlyCount "37"]
[TimeControl "2400+10"]

1. e4 e5 2. Nc3 Nc6 3. Bc4 Bc5 4. Qh5 g6 5. Qf3 Nf6 6. Nge2 O-O 7. d3 Be7 8.
O-O Nh5 9. Bh6 Ng7 10. Nd5 Bg5 11. Bxg5 Qxg5 12. Nxc7 Rb8 13. Nd5 d6 14. Qg3
Qd2 15. Nf6+ Kh8 16. Qh4 h5 17. Rad1 Qxe2 18. Qg5 Nf5 19. exf5 {Black
resigns} 1-0

[Event "ICC tourney 3070 (40 10)"]
[Site "Internet Chess Club"]
[Date "2022.12.03"]
[Round "1"]
[White "Wu, Zhuoyuan:Jake000"]
[Black "GUTIERREZ, AUGUSTO E:elytito2017"]
[Result "1-0"]
[ICCResult "Black forfeits on time"]
[WhiteElo "1444"]
[BlackElo "1776"]
[Opening "Sicilian defense"]
[ECO "B30"]
[NIC "SI.31"]
[Time "11:00:54"]
[PlyCount "55"]
[TimeControl "2400+10"]

1. e4 c5 2. Nf3 Nc6 3. Bc4 e6 4. Nc3 Nf6 5. O-O d5 6. exd5 exd5 7. Bb5 Be7
8. d4 O-O 9. Bg5 Bg4 10. dxc5 Bxc5 11. Bxf6 Qxf6 12. Qxd5 Bxf3 13. Qxc5 Qg6
14. g3 Qxc2 15. Rab1 Rfe8 16. Rfe1 h6 17. Re3 b6 18. Rxe8+ Rxe8 19. Qd6 Re6
20. Qf4 Ne5 21. Ba4 Qg6 22. Bb3 Re7 23. Re1 Qh5 24. h4 Bb7 25. Kf1 g5 26.
Qf6 Ba6+ 27. Kg2 Bb7+ 28. Nd5 {Black forfeits on time} 1-0

[Event "ICC tourney 3070 (40 10)"]
[Site "Internet Chess Club"]
[Date "2022.12.03"]
[Round "1"]
[White "HAMLETT, JAMES MORRISON:Hamlett144"]
[Black "JAGAN, AASHISH:aashishjagan"]
[Result "0-1"]
[ICCResult "White resigns"]
[WhiteElo "1200"]
[BlackElo "1500"]
[Opening "Sicilian: closed"]
[ECO "B23"]
[NIC "SI.44"]
[Time "11:02:06"]
[PlyCount "110"]
[TimeControl "2400+10"]

1. e4 c5 2. Nc3 e6 3. Nf3 d5 4. Bb5+ Bd7 5. Qe2 d4 6. Nd1 Nf6 7. Bxd7+ Nbxd7
8. d3 Be7 9. O-O O-O 10. Ne1 Qc7 11. f4 Rac8 12. g4 h6 13. Ng2 e5 14. f5 c4
15. Rf2 Nc5 16. h4 cxd3 17. cxd3 Nh7 18. Rf3 Qb6 19. Nf2 Rc6 20. Nh3 Rfc8
21. Bxh6 Rxh6 22. g5 Rhc6 23. Raf1 Nd7 24. Rg3 g6 25. Qg4 Ndf8 26. h5 R8c7
27. Nh4 Bb4 28. hxg6 fxg6 29. Nf3 Qc5 30. Nf2 Qe7 31. Rh3 Bd6 32. Rh6 Qf7
33. Nh4 Be7 34. f6 Bd6 35. Nh3 Rc1 36. Nxg6 Nxg6 37. Qf5 Rxf1+ 38. Kxf1 Nhf8
39. Nf2 Rc1+ 40. Kg2 Rc2 41. Kg3 Bb4 42. Ng4 Bd6 43. Rxg6+ Qxg6 44. Nh6+ Kh7
45. Qg4 Rxb2 46. Nf5 Bb4 47. Qh4+ Kg8 48. Nh6+ Kh8 49. Nf7+ Kg8 50. Nxe5 Bd6
51. Qf4 Bxe5 52. Qxe5 a6 53. Qd5+ Kh7 54. f7 Rb5 55. Qd8 Qxg5+ {White
resigns} 0-1

[Event "ICC tourney 3070 (40 10)"]
[Site "Internet Chess Club"]
[Date "2022.12.03"]
[Round "2"]
[White "ZHAO, DANSON:K01-30127679"]
[Black "MA, YUNHUI:K03-16857748"]
[Result "1-0"]
[ICCResult "Black resigns"]
[WhiteElo "1444"]
[BlackElo "1104"]
[Opening "Giuoco Pianissimo: Italian four knights variation"]
[ECO "C50"]
[NIC "IG.02"]
[Time "13:18:04"]
[PlyCount "81"]
[TimeControl "2400+10"]

1. e4 e5 2. Nf3 Nc6 3. Bc4 Bc5 4. Nc3 Nf6 5. d3 h6 6. h3 d6 7. O-O Be6 8.
Bb3 O-O 9. Nd5 Bxd5 10. exd5 Ne7 11. c4 Nf5 12. Re1 Re8 13. Be3 Bxe3 14.
fxe3 e4 15. Nd4 Nxd4 16. exd4 exd3 17. Qxd3 Qd7 18. Kh1 Rxe1+ 19. Rxe1 Re8
20. Rxe8+ Qxe8 21. Bc2 Qe1+ 22. Kh2 Qa1 23. Qf5 Qe1 24. Qc8+ Ne8 25. Ba4 Kf8
26. Bxe8 Qxe8 27. Qxb7 Qd7 28. Qxa7 f5 29. Qb8+ Kf7 30. Qb3 f4 31. Qf3 g5
32. Qh5+ Kg7 33. Qg4 Qxg4 34. hxg4 Kf8 35. g3 f3 36. Kg1 Ke8 37. Kf2 Kd8 38.
Kxf3 Kc8 39. Ke4 Kb7 40. Kf5 Ka6 41. b4 {Black resigns} 1-0

[Event "ICC tourney 3070 (40 10)"]
[Site "Internet Chess Club"]
[Date "2022.12.03"]
[Round "2"]
[White "LIU, LUCAS:K03-16947300"]
[Black "Zilbermintz, Lev:chessrex"]
[Result "0-1"]
[ICCResult "White checkmated"]
[WhiteElo "1495"]
[BlackElo "1705"]
[Opening "Vienna gambit"]
[ECO "C29"]
[NIC "VG.03"]
[Time "13:15:35"]
[PlyCount "78"]
[TimeControl "2400+10"]

1. e4 e5 2. Nc3 Nf6 3. f4 d5 4. fxe5 Nxe4 5. Nf3 Nc6 6. d4 Bb4 7. Bd2 Nxd2
8. Qxd2 O-O 9. a3 Bxc3 10. Qxc3 f6 11. Bd3 fxe5 12. dxe5 Bg4 13. O-O-O Qe7
14. Rhe1 Kh8 15. Be2 Rad8 16. h3 Bf5 17. Bd3 Bxh3 18. Rh1 Bf5 19. Bxf5 Rxf5
20. Qd3 g6 21. g4 Nxe5 22. Qe3 Rxf3 23. Qe2 Nd3+ 24. Rxd3 Qxe2 25. Rxf3 Qxf3
26. Re1 Qxg4 27. Kb1 h5 28. Rh1 d4 29. Rf1 d3 30. cxd3 Qe2 31. Rc1 Qxd3+ 32.
Ka1 c6 33. Rc3 Qxc3 34. bxc3 h4 35. Kb2 h3 36. Kb3 h2 37. Kb4 h1=Q 38. Kc4
Qd5+ 39. Kb4 Qb5# {White checkmated} 0-1

[Event "ICC tourney 3070 (40 10)"]
[Site "Internet Chess Club"]
[Date "2022.12.03"]
[Round "2"]
[White "Sarafudinov, Andrey:whyyoutrysohard"]
[Black "SRIPADA, ANISHA:waterycargo"]
[Result "1/2-1/2"]
[ICCResult "Game drawn by repetition"]
[WhiteElo "1602"]
[BlackElo "1206"]
[Opening "Catalan: closed, 7.Qc2"]
[ECO "E08"]
[NIC "CA.04"]
[Time "13:17:10"]
[PlyCount "148"]
[TimeControl "2400+10"]

1. d4 d5 2. c4 e6 3. Nf3 Be7 4. g3 Nf6 5. Bg2 Nbd7 6. O-O O-O 7. Qc2 b6 8.
cxd5 exd5 9. Ne5 Bb7 10. Nc6 Bxc6 11. Qxc6 Rb8 12. Bxd5 Nxd5 13. Qxd5 Nf6
14. Qxd8 Rfxd8 15. Bf4 Rxd4 16. Bxc7 Rc8 17. Bf4 Rc2 18. e3 Rb4 19. Be5 Rb5
20. Bc3 Nd5 21. Bd4 Rc8 22. Nc3 Nxc3 23. Bxc3 Bf6 24. Bxf6 gxf6 25. b3 Rc2
26. Rfc1 Rbc5 27. Rxc2 Rxc2 28. Kf1 Kf8 29. a4 Rb2 30. Rc1 Rxb3 31. Rc8+ Kg7
32. Rc7 a5 33. Kg2 Rb4 34. Rb7 Kg6 35. Kf3 f5 36. h4 Kf6 37. Ke2 Kg6 38. Kd3
Kf6 39. Kc3 Kg6 40. Kd3 h6 41. Kc3 f6 42. Kd3 Rb2 43. e4 fxe4+ 44. Kxe4 Rxf2
45. Rxb6 Ra2 46. g4 Rxa4+ 47. Kf3 Ra3+ 48. Kf4 Ra4+ 49. Kf3 Rb4 50. Ra6 Rb5
51. Ra7 h5 52. gxh5+ Rxh5 53. Kg4 Rb5 54. Ra8 Rb4+ 55. Kg3 a4 56. Ra5 Rb3+
57. Kg4 a3 58. h5+ Kh6 59. Kf5 Rf3+ 60. Kg4 Rb3 61. Kf5 Kxh5 62. Kxf6+ Kg4
63. Ke5 Kf3 64. Kd4 Ke2 65. Kc4 Rh3 66. Kb4 Kd2 67. Rxa3 Rh4+ 68. Kc5 Rh5+
69. Kd4 Rh4+ 70. Kd5 Rh5+ 71. Kd4 Rh4+ 72. Kd5 Rh5+ 73. Kd4 Rh4+ 74. Kd5
Rh5+ {Game drawn by repetition} 1/2-1/2

[Event "ICC tourney 3070 (40 10)"]
[Site "Internet Chess Club"]
[Date "2022.12.03"]
[Round "2"]
[White "JAGAN, AASHISH:aashishjagan"]
[Black "Doan Giang, Nguyen Doan:Doctorstrange04"]
[Result "0-1"]
[ICCResult "White checkmated"]
[WhiteElo "1500"]
[BlackElo "1795"]
[Opening "Sicilian defense"]
[ECO "B20"]
[NIC "SI.48"]
[Time "13:15:38"]
[PlyCount "116"]
[TimeControl "2400+10"]

1. e4 c5 2. d3 Nc6 3. Nf3 g6 4. g3 Bg7 5. Bg2 e6 6. O-O Nge7 7. c3 O-O 8. d4
cxd4 9. cxd4 d5 10. e5 b6 11. Nc3 Ba6 12. Re1 Rc8 13. a3 Na5 14. Bd2 Nc4 15.
b3 Nxd2 16. Qxd2 Nf5 17. Qb2 Qc7 18. Na2 Qe7 19. Nb4 Bb5 20. a4 Qxb4 21.
axb5 Rc7 22. Ra4 Qxb5 23. Rea1 a5 24. Bf1 Qc6 25. b4 Qc3 26. Qxc3 Rxc3 27.
Nd2 Nxd4 28. bxa5 Nc2 29. Rc1 bxa5 30. Rxa5 Bxe5 31. Nb1 Rc7 32. Ra2 Nd4 33.
Rd1 Rfc8 34. f4 Bf6 35. Rd3 Rc2 36. Ra4 Ne2+ 37. Kh1 Rc1 38. Nd2 R8c2 39.
Kg2 Nc3 40. Ra8+ Kg7 41. Kf3 Ne4 42. Nxe4 dxe4+ 43. Kxe4 Rxf1 44. g4 Rc4+
45. Ke3 Rfxf4 46. h3 Rce4+ 47. Kd2 Rf2+ 48. Kd1 Rb4 49. Rd2 Rb1+ 50. Kc2
Rb2+ 51. Kd3 Rbxd2+ 52. Kc4 Rf3 53. Ra4 Rc3+ 54. Kb5 Rb2+ 55. Ka6 Rc6+ 56.
Ka7 Be5 57. Ra5 Bd4+ 58. Ka8 Rc8# {White checkmated} 0-1

[Event "ICC tourney 3070 (40 10)"]
[Site "Internet Chess Club"]
[Date "2022.12.03"]
[Round "2"]
[White "Wu, Zhuoyuan:Jake000"]
[Black "BRUDNO, STEPHEN:StevChess01"]
[Result "0-1"]
[ICCResult "White checkmated"]
[WhiteElo "1444"]
[BlackElo "1544"]
[Opening "Sicilian: O'Kelly variation"]
[ECO "B28"]
[NIC "SI.43"]
[Time "13:15:42"]
[PlyCount "154"]
[TimeControl "2400+10"]

1. e4 c5 2. Nf3 a6 3. c3 d5 4. exd5 Qxd5 5. d4 Nf6 6. Be2 e6 7. O-O Nc6 8.
Bf4 Be7 9. Re1 O-O 10. Bd3 Rd8 11. Bc7 Rd7 12. c4 Qh5 13. Be5 cxd4 14. Bxd4
Nxd4 15. Nxd4 Qxd1 16. Rxd1 Rxd4 17. Bxh7+ Kxh7 18. Rxd4 Bd7 19. Nc3 Bc6 20.
Rad1 Rc8 21. a3 Rc7 22. b4 Rd7 23. f3 Rxd4 24. Rxd4 g5 25. Kf2 Kg6 26. g3 b6
27. Rd3 b5 28. cxb5 axb5 29. Ke3 Nd5+ 30. Ke2 f5 31. Kf2 Bf6 32. Nxd5 Bxd5
33. h3 Bc4 34. Rd6 Bb3 35. Rd3 Ba4 36. Ke3 Be5 37. f4 gxf4+ 38. gxf4 Bf6 39.
Kd2 Bh4 40. Rf3 Kf6 41. Rd3 Ke7 42. Kc3 Bf6+ 43. Kd2 e5 44. fxe5 Bxe5 45.
Rf3 Kf6 46. Rd3 f4 47. Ke2 Kf5 48. Kf3 Bc2 49. Rd8 Be4+ 50. Kf2 f3 51. Rf8+
Ke6 52. Re8+ Kd5 53. h4 Bd4+ 54. Kg3 f2 55. Rf8 Bd3 56. Kg2 f1=Q+ 57. Rxf1
Bxf1+ 58. Kxf1 Kc4 59. Ke2 Kb3 60. Kd3 Bh8 61. Kd2 Kxa3 62. Kc2 Kxb4 63. Kb1
Kb3 64. h5 b4 65. h6 Ka3 66. Kc1 Ka2 67. Kd2 b3 68. Ke3 b2 69. Kf4 b1=Q 70.
Kg5 Qg1+ 71. Kf5 Qg3 72. h7 Qg7 73. Ke6 Qxh7 74. Kd5 Qf5+ 75. Kc6 Bd4 76.
Kb7 Qd7+ 77. Ka8 Qa7# {White checkmated} 0-1

[Event "ICC tourney 3070 (40 10)"]
[Site "Internet Chess Club"]
[Date "2022.12.03"]
[Round "2"]
[White "HELMSEN, GAVIN:ghelmsen"]
[Black "HAMLETT, JAMES MORRISON:Hamlett144"]
[Result "1-0"]
[ICCResult "Black resigns"]
[WhiteElo "1446"]
[BlackElo "1200"]
[Opening "French: Chigorin variation"]
[ECO "C00"]
[NIC "FR.01"]
[Time "13:16:41"]
[PlyCount "103"]
[TimeControl "2400+10"]

1. e4 e6 2. Qe2 c5 3. Nf3 Nc6 4. b3 Nge7 5. Bb2 d5 6. e5 d4 7. c3 Ng6 8.
cxd4 cxd4 9. Qe4 Bc5 10. Bb5 Qb6 11. Bxc6+ bxc6 12. O-O Ba6 13. Rc1 d3 14.
Bd4 Bxd4 15. Nxd4 Bb7 16. Nxc6 Rc8 17. Qxd3 Bxc6 18. Qg3 O-O 19. Nc3 Rfd8
20. Rd1 Qd4 21. Re1 Nf4 22. Qg5 Bxg2 23. Nb5 Qxd2 24. Qe7 Rd7 25. Qh4 Rd3
26. Nd6 Ng6 27. Qa4 Qg5 28. h4 Qxh4 29. Qxh4 Nxh4 30. Nxc8 Rh3 31. f4 Bd5
32. Ne7+ Kf8 33. Nxd5 exd5 34. Rad1 Ng6 35. Rxd5 Nxf4 36. Ra5 Nd3 37. Rd1 g5
38. Rxa7 Nxe5 39. b4 g4 40. b5 g3 41. Kg2 Rh2+ 42. Kxg3 Rb2 43. a4 Rb4 44.
Ra8+ Kg7 45. Rdd8 Kf6 46. Rd6+ Kf5 47. b6 Rb3+ 48. Kf2 Nc4 49. Rd5+ Ke6 50.
Rb5 Rxb5 51. axb5 Nd6 52. Ra7 {Black resigns} 1-0

[Event "ICC tourney 3070 (40 10)"]
[Site "Internet Chess Club"]
[Date "2022.12.03"]
[Round "2"]
[White "GUTIERREZ, AUGUSTO E:elytito2017"]
[Black "Han, Shuyi:ShuyiH"]
[Result "1-0"]
[ICCResult "Black resigns"]
[WhiteElo "1776"]
[BlackElo "1292"]
[Opening "Scotch: Mieses variation"]
[ECO "C45"]
[NIC "SO.04"]
[Time "13:15:34"]
[PlyCount "75"]
[TimeControl "2400+10"]

1. e4 e5 2. Nf3 Nc6 3. d4 exd4 4. Nxd4 Nf6 5. Nxc6 bxc6 6. e5 Nd5 7. c4 Nb6
8. Nd2 d5 9. Qf3 Bb7 10. b3 dxc4 11. Bb2 Bb4 12. Rd1 cxb3 13. axb3 Qg5 14.
Qe4 Nd5 15. g3 Bc3 16. f4 Qe7 17. Ba1 Qa3 18. Qa4 Qc5 19. Qc4 Qe3+ 20. Be2
a5 21. Bxc3 Nxc3 22. Rc1 Na2 23. Qc5 Qxc5 24. Rxc5 O-O 25. Bc4 Nb4 26. Ke2
Rfe8 27. Ra1 a4 28. bxa4 Kf8 29. a5 f6 30. Nf3 Nc2 31. Rb1 Ba6 32. Bxa6 Rxa6
33. Rxc2 Rxa5 34. Rxc6 fxe5 35. Nxe5 Ra2+ 36. Kf3 Rxh2 37. Rxc7 Rh6 38. Rbb7
{Black resigns}
1-0

[Event "ICC tourney 3070 (40 10)"]
[Site "Internet Chess Club"]
[Date "2022.12.03"]
[Round "3"]
[White "ZHAO, DANSON:K01-30127679"]
[Black "LIU, LUCAS:K03-16947300"]
[Result "0-1"]
[ICCResult "White resigns"]
[WhiteElo "1444"]
[BlackElo "1495"]
[Opening "Caro-Kann defense"]
[ECO "B10"]
[NIC "CK.01"]
[Time "15:34:46"]
[PlyCount "55"]
[TimeControl "2400+10"]

1. e4 c6 2. Nf3 d5 3. exd5 cxd5 4. d4 Bg4 5. Bd3 Nc6 6. c3 Nf6 7. Bf4 e6 8.
Nbd2 Bd6 9. Bxd6 Qxd6 10. h3 Bh5 11. O-O O-O 12. Qc2 Rfe8 13. Rfe1 e5 14.
dxe5 Nxe5 15. Nxe5 Rxe5 16. Rxe5 Qxe5 17. Re1 Qxe1+ 18. Nf1 Re8 19. Bb5 Re7
20. Qf5 Qe6 21. Qd3 Be2 22. Qe3 Qxe3 23. Nxe3 Bxb5 24. b3 Rd7 25. a4 Bd3 26.
b4 d4 27. Nd1 Bc2 28. Ne3 {White resigns} 0-1

[Event "ICC tourney 3070 (40 10)"]
[Site "Internet Chess Club"]
[Date "2022.12.03"]
[Round "3"]
[White "SRIPADA, ANISHA:waterycargo"]
[Black "HAMLETT, JAMES MORRISON:Hamlett144"]
[Result "1-0"]
[ICCResult "Black resigns"]
[WhiteElo "1206"]
[BlackElo "1200"]
[Opening "Queen's pawn: London system"]
[ECO "A45"]
[NIC "QP.07"]
[Time "15:34:46"]
[PlyCount "25"]
[TimeControl "2400+10"]

1. d4 Nf6 2. Bf4 d6 3. e3 Nbd7 4. Nf3 Nd5 5. Bg3 g6 6. c4 N5f6 7. Nc3 h5 8.
h3 Bg7 9. Be2 c5 10. Qc2 Qa5 11. Bh2 a6 12. a3 Ne4 13. Qxe4 {Black resigns}
1-0

[Event "ICC tourney 3070 (40 10)"]
[Site "Internet Chess Club"]
[Date "2022.12.03"]
[Round "3"]
[White "Doan Giang, Nguyen Doan:Doctorstrange04"]
[Black "Zilbermintz, Lev:chessrex"]
[Result "0-1"]
[ICCResult "White resigns"]
[WhiteElo "1795"]
[BlackElo "1705"]
[Opening "QP counter-gambit (elephant gambit)"]
[ECO "C40"]
[NIC "KP.10"]
[Time "15:30:13"]
[PlyCount "62"]
[TimeControl "2400+10"]

1. e4 e5 2. Nf3 d5 3. Nxe5 Bd6 4. d4 dxe4 5. Nc4 Nf6 6. Be2 O-O 7. O-O Nc6
8. Nxd6 Qxd6 9. Be3 Bf5 10. c4 Rad8 11. d5 Ne5 12. h3 Qd7 13. Bd4 Rfe8 14.
Kh2 c6 15. Bxe5 Rxe5 16. dxc6 Qc7 17. Qc1 Rc5+ 18. Kg1 Rxc6 19. Nc3 a6 20.
Qg5 Bg6 21. Rfd1 Rcd6 22. Rxd6 Rxd6 23. Qe5 Rd1+ 24. Rxd1 Qxe5 25. Rd8+ Ne8
26. Nd5 f5 27. f4 Qxb2 28. Bf1 Kf8 29. c5 Qd4+ 30. Kh2 Qxc5 31. a4 Bf7
{White resigns}
0-1

[Event "ICC tourney 3070 (40 10)"]
[Site "Internet Chess Club"]
[Date "2022.12.03"]
[Round "3"]
[White "BRUDNO, STEPHEN:StevChess01"]
[Black "YU, VINCENT ZHIWEN:vincentyu"]
[Result "0-1"]
[ICCResult "White checkmated"]
[WhiteElo "1544"]
[BlackElo "1347"]
[Opening "Nimzo-Indian: Kmoch variation"]
[ECO "E24"]
[NIC "NI.30"]
[Time "15:30:15"]
[PlyCount "76"]
[TimeControl "2400+10"]

1. d4 Nf6 2. c4 e6 3. Nc3 Bb4 4. f3 d5 5. a3 Bxc3+ 6. bxc3 c5 7. e3 O-O 8.
cxd5 exd5 9. Bd3 b6 10. Ne2 Ba6 11. O-O Re8 12. Ng3 Bxd3 13. Qxd3 Nc6 14.
Ra2 Qd7 15. Re2 Rad8 16. Rfe1 g6 17. Bb2 Re6 18. Rd1 h5 19. h4 Qd6 20. Nf1
c4 21. Qc2 Rde8 22. Bc1 Na5 23. Rde1 Nb3 24. Bb2 Kg7 25. e4 dxe4 26. fxe4
Qe7 27. e5 Ng4 28. g3 Nc5 29. dxc5 Qxc5+ 30. Kg2 Nxe5 31. Kh3 Nd3 32. Rxe6
fxe6 33. Re3 Qf5+ 34. Kh2 Qxf1 35. a4 Nf2 36. g4 Rf8 37. gxh5 Qh1+ 38. Kg3
Qh3# {White checkmated} 0-1

[Event "ICC tourney 3070 (40 10)"]
[Site "Internet Chess Club"]
[Date "2022.12.03"]
[Round "3"]
[White "Han, Shuyi:ShuyiH"]
[Black "Sarafudinov, Andrey:whyyoutrysohard"]
[Result "0-1"]
[ICCResult "White resigns"]
[WhiteElo "1292"]
[BlackElo "1602"]
[Opening "QGA: classical variation"]
[ECO "D26"]
[NIC "QG.03"]
[Time "15:30:24"]
[PlyCount "52"]
[TimeControl "2400+10"]

1. d4 d5 2. c4 dxc4 3. e3 Nf6 4. Bxc4 e6 5. Nf3 c5 6. Nc3 Be7 7. O-O O-O 8.
Qe2 a6 9. Rd1 b5 10. Bb3 Bb7 11. a3 Qc7 12. Bd2 Rd8 13. Rac1 Qb6 14. dxc5
Bxc5 15. a4 b4 16. Na2 Nc6 17. Bc4 Na5 18. Qe1 Nxc4 19. Rxc4 Bd5 20. Rxb4
Bxb4 21. Nxb4 Bxf3 22. gxf3 a5 23. Na2 Qxb2 24. Nc3 h6 25. Nb5 Rac8 26. Bxa5
Rxd1 {White resigns} 0-1

[Event "ICC tourney 3070 (40 10)"]
[Site "Internet Chess Club"]
[Date "2022.12.03"]
[Round "3"]
[White "JAGAN, AASHISH:aashishjagan"]
[Black "Wu, Zhuoyuan:Jake000"]
[Result "1-0"]
[ICCResult "Black checkmated"]
[WhiteElo "1500"]
[BlackElo "1444"]
[Opening "Sicilian: Canal-Sokolsky attack, 3...Bd7"]
[ECO "B52"]
[NIC "SI.01"]
[Time "15:30:13"]
[PlyCount "63"]
[TimeControl "2400+10"]

1. e4 c5 2. Nf3 d6 3. Bb5+ Bd7 4. Bxd7+ Qxd7 5. d4 cxd4 6. Nxd4 Nf6 7. Nc3
g6 8. Be3 Bg7 9. Qd2 Nc6 10. O-O-O Ng4 11. h3 Nxe3 12. fxe3 O-O 13. g4 Ne5
14. Rdg1 Rac8 15. g5 e6 16. h4 a6 17. h5 Rfe8 18. Qh2 Bh8 19. Rg3 Re7 20.
Nce2 Nc6 21. Rh3 Rc7 22. hxg6 fxg6 23. Rh6 Ne5 24. Qh3 b5 25. Nf4 Qe8 26.
Ndxe6 Qc6 27. Nxc7 Rxc7 28. Qe6+ Kf8 29. R1h2 Nf3 30. Nxg6+ hxg6 31. Rxh8+
Kg7 32. R2h7# {Black checkmated} 1-0

[Event "ICC tourney 3070 (40 10)"]
[Site "Internet Chess Club"]
[Date "2022.12.03"]
[Round "3"]
[White "HELMSEN, GAVIN:ghelmsen"]
[Black "GUTIERREZ, AUGUSTO E:elytito2017"]
[Result "0-1"]
[ICCResult "White resigns"]
[WhiteElo "1446"]
[BlackElo "1776"]
[Opening "Sicilian: Smith-Morra gambit"]
[ECO "B21"]
[NIC "SI.48"]
[Time "15:30:12"]
[PlyCount "84"]
[TimeControl "2400+10"]

1. e4 c5 2. d4 cxd4 3. c3 dxc3 4. Nxc3 Nc6 5. Nf3 d6 6. Bc4 a6 7. O-O Nf6 8.
Qe2 Bg4 9. Rd1 e6 10. Bf4 Qb8 11. h3 Bxf3 12. Qxf3 Be7 13. Rac1 O-O 14. g4
Ne5 15. Bxe5 dxe5 16. g5 Ne8 17. Rd7 Bxg5 18. Rcd1 Nf6 19. R7d6 b5 20. Be2
Qc7 21. Qd3 Kh8 22. Bg4 Nd5 23. Rxa6 Rxa6 24. exd5 exd5 25. Nxd5 Qc4 26. Qf5
Bf4 27. b3 g6 28. Qf6+ Rxf6 29. bxc4 Ra6 30. cxb5 Rxa2 31. b6 Rb2 32. Ra1
Bg5 33. Ra7 Bh4 34. Nf6 Bxf6 35. b7 Kg7 36. Bc8 e4 37. Ra8 Be5 38. Kf1 f5
39. Ke1 Rf6 40. Ra7 Kh6 41. Ra5 Bc3+ 42. Kf1 Bxa5 {White resigns} 0-1

[Event "ICC tourney 3070 (40 10)"]
[Site "Internet Chess Club"]
[Date "2022.12.03"]
[Round "4"]
[White "Zilbermintz, Lev:chessrex"]
[Black "YU, VINCENT ZHIWEN:vincentyu"]
[Result "0-1"]
[ICCResult "White resigns"]
[WhiteElo "1705"]
[BlackElo "1347"]
[Opening "Blackmar-Diemer gambit"]
[ECO "A45"]
[NIC "QP.07"]
[Time "17:46:20"]
[PlyCount "42"]
[TimeControl "2400+10"]

1. d4 Nf6 2. f3 d5 3. e4 dxe4 4. Nc3 exf3 5. Nxf3 Bg4 6. h3 Bxf3 7. Qxf3 c6
8. g4 e6 9. g5 Nd5 10. Bd3 Be7 11. O-O O-O 12. Ne4 Qb6 13. Qf2 Nd7 14. a3 f6
15. gxf6 N7xf6 16. Ng5 Ng4 17. Qh4 Qxd4+ 18. Kg2 Nge3+ 19. Bxe3 Qxh4 20.
Bxh7+ Kh8 21. Nxe6 Nxe3+ {White resigns} 0-1

[Event "ICC tourney 3070 (40 10)"]
[Site "Internet Chess Club"]
[Date "2022.12.03"]
[Round "4"]
[White "Wu, Zhuoyuan:Jake000"]
[Black "ZHAO, DANSON:K01-30127679"]
[Result "1/2-1/2"]
[ICCResult "Game drawn by repetition"]
[WhiteElo "1444"]
[BlackElo "1444"]
[Opening "QGD: 4.Nf3"]
[ECO "D37"]
[NIC "QP.06"]
[Time "17:47:20"]
[PlyCount "109"]
[TimeControl "2400+10"]

1. Nf3 Nf6 2. d4 d5 3. c4 e6 4. Nc3 Nbd7 5. Bg5 Be7 6. e3 b6 7. Qb3 Bb7 8.
Bd3 O-O 9. O-O dxc4 10. Bxc4 Bxf3 11. gxf3 Nh5 12. Bxe7 Qxe7 13. Kh1 Nhf6
14. f4 Ng4 15. Be2 Qh4 16. Bxg4 Qxg4 17. f3 Qh4 18. Ne4 Qe7 19. Rac1 Rac8
20. Rc6 Nb8 21. Rc4 Nd7 22. Rfc1 f5 23. Nf2 Nf6 24. Nd3 Nd5 25. Nb4 Nxb4 26.
Qxb4 Qf7 27. Rc6 Qh5 28. Rf1 Rf6 29. Qc4 Rh6 30. Rf2 Qf7 31. Rc2 Qh5 32.
Rxe6 Qxf3+ 33. Rg2 Qd1+ 34. Rg1 Qf3+ 35. Rg2 Qd1+ 36. Rg1 Qf3+ 37. Rg2 Qd1+
38. Rg1 Qf3+ 39. Rg2 Qd1+ 40. Rg1 Qf3+ 41. Rg2 Qd1+ 42. Rg1 Qf3+ 43. Rg2
Qd1+ 44. Rg1 Qf3+ 45. Rg2 Qd1+ 46. Rg1 Qf3+ 47. Rg2 Qd1+ 48. Rg1 Qf3+ 49.
Rg2 Qd1+ 50. Rg1 Qf3+ 51. Rg2 Qd1+ 52. Rg1 Qf3+ 53. Rg2 Qd1+ 54. Rg1 Qf3+
55. Rg2 {Game drawn by repetition} 1/2-1/2